TOP OF THE 1ST |
---|
Grand Rapids HS Summit batting - Pitching for Billings West HS Golden Bears : RHP Jesse Mertz | Pitching: RHP Jesse Mertz | | Batting: RHB Shawn Hanner | 0-0: Foul Ball, location: 2F 0-1: Foul Ball, location: 2F 0-2: Foul Ball, location: 2F 0-2: Strikes out swinging | Batting: RHB Julián Maez | 0-0: Swinging Strike 0-1: Ball 1-1: Swinging Strike 1-2: Strikes out looking | Batting: LHB Daniel Orozco | 0-0: DOUBLE (Flyball, 8RD) | Batting: RHB Harry Wade | 0-0: Ball 1-0: Ball 2-0: Ball 3-0: Base on Balls | Batting: RHB Tyler Long | 0-0: Called Strike 0-1: Foul Ball, location: 2F 0-2: Ball 1-2: Foul Ball, location: 2F 1-2: Foul Ball, location: 2F 1-2: Ball 2-2: Ball 3-2: Strikes out looking | Top of the 1st over - 0 runs, 1 hit, 0 errors, 2 left on base; Grand Rapids HS 0 - Billings West HS 0 | BOTTOM OF THE 1ST |
---|
Billings West HS Golden Bears batting - Pitching for Grand Rapids HS Summit : RHP Tom Maynard | Pitching: RHP Tom Maynard | | Batting: SHB Christian Goodwin | 0-0: Ball 1-0: Foul Ball, location: 2F 1-1: Ball 2-1: Called Strike 2-2: SINGLE (Line Drive, 9S) | Batting: LHB Cristián Paredes | 0-0: Ball 1-0: SINGLE (Groundball, 34D) Christian Goodwin to second Runner from 2nd tries for 3rd, SAFE, throw made to third | Batting: RHB Larry Olson | 0-0: Ball 1-0: Ball 2-0: Foul Ball, location: 2F 2-1: SINGLE (Line Drive, 8LS) Christian Goodwin scores Cristián Paredes to second | Batting: LHB Carter Coleman | 0-0: Ball 1-0: Foul Ball, location: 2F 1-1: SINGLE (Flyball, 78S) Cristián Paredes to third Larry Olson to second | Batting: LHB Simon Morin | 0-0: Ball 1-0: Ball 2-0: Ball 3-0: Called Strike 3-1: Base on Balls Cristián Paredes scores Larry Olson to third Carter Coleman to second | Batting: RHB Rob Miller | 0-0: Ball Wild Pitch! Larry Olson scores Carter Coleman to third Simon Morin to second 1-0: Foul Ball, location: 2F 1-1: Ball 2-1: Swinging Strike 2-2: Foul Ball, location: 2F 2-2: Strikes out swinging | Batting: RHB Curt Sinclair | 0-0: Ball 1-0: SINGLE (Groundball, 6D) Carter Coleman scores Simon Morin to third | Batting: LHB Alberto Pérez | 0-0: Ball 1-0: Called Strike 1-1: Swinging Strike 1-2: Foul Ball, location: 2F 1-2: Strikes out swinging | Batting: RHB Rod Zamora | 0-0: Called Strike 0-1: Ball 1-1: Ball 2-1: Ball 3-1: Called Strike 3-2: Strikes out swinging | Bottom of the 1st over - 4 runs, 5 hits, 0 errors, 2 left on base; Grand Rapids HS 0 - Billings West HS 4 | TOP OF THE 2ND |
---|
Grand Rapids HS Summit batting - Pitching for Billings West HS Golden Bears : RHP Jesse Mertz | Batting: LHB Martin Greene | 0-0: Ball 1-0: Ball 2-0: Swinging Strike 2-1: Swinging Strike 2-2: Strikes out looking | Batting: LHB Harry Adams | 0-0: Called Strike 0-1: Ball 1-1: Called Strike 1-2: Strikes out swinging | Batting: RHB José González | 0-0: Fly out, F7 (Line Drive, 7D) | Top of the 2nd over - 0 runs, 0 hits, 0 errors, 0 left on base; Grand Rapids HS 0 - Billings West HS 4 | BOTTOM OF THE 2ND |
---|
Billings West HS Golden Bears batting - Pitching for Grand Rapids HS Summit : RHP Tom Maynard | Batting: SHB Christian Goodwin | 0-0: Foul Ball, location: 2F 0-1: Foul Ball, location: 2F 0-2: Ball 1-2: Ball 2-2: Ball 3-2: Strikes out looking | Batting: LHB Cristián Paredes | 0-0: Ball 1-0: Called Strike 1-1: Foul Ball, location: 2F 1-2: Fly out, F5 (Popup, 25F) | Batting: RHB Larry Olson | 0-0: Foul Ball, location: 2F 0-1: Foul Ball, location: 2F 0-2: Strikes out swinging | Bottom of the 2nd over - 0 runs, 0 hits, 0 errors, 0 left on base; Grand Rapids HS 0 - Billings West HS 4 | TOP OF THE 3RD |
---|
Grand Rapids HS Summit batting - Pitching for Billings West HS Golden Bears : RHP Jesse Mertz | Batting: LHB Fernando Ávila | 0-0: Ball 1-0: Ball 2-0: Ground out 6-3 (Groundball, 6) | Batting: RHB Shawn Hanner | 0-0: Called Strike 0-1: Ball 1-1: Swinging Strike 1-2: Foul Ball, location: 2F 1-2: Ball 2-2: Foul Ball, location: 2F 2-2: Strikes out looking | Batting: RHB Julián Maez | 0-0: Ball 1-0: Ball 2-0: Called Strike 2-1: Ground out 6-3 (Groundball, 6) | Top of the 3rd over - 0 runs, 0 hits, 0 errors, 0 left on base; Grand Rapids HS 0 - Billings West HS 4 | BOTTOM OF THE 3RD |
---|
Billings West HS Golden Bears batting - Pitching for Grand Rapids HS Summit : RHP Tom Maynard | Batting: LHB Carter Coleman | 0-0: Ball 1-0: Ball 2-0: Called Strike 2-1: Ball 3-1: Fly out, F8 (Flyball, 8RXD) | Batting: LHB Simon Morin | 0-0: Ground out 4-3 (Groundball, 4S) | Batting: RHB Rob Miller | 0-0: Ball 1-0: Ball 2-0: Foul Ball, location: 2F 2-1: Foul Ball, location: 2F 2-2: Fly out, F9 (Flyball, 9LS) | Bottom of the 3rd over - 0 runs, 0 hits, 0 errors, 0 left on base; Grand Rapids HS 0 - Billings West HS 4 | TOP OF THE 4TH |
---|
Grand Rapids HS Summit batting - Pitching for Billings West HS Golden Bears : RHP Jesse Mertz | Batting: LHB Daniel Orozco | 0-0: Foul Ball, location: 2F 0-1: SINGLE (Groundball, 6S) (infield hit) | Batting: RHB Harry Wade | 0-0: Ball 1-0: Ball 2-0: Ball 3-0: Base on Balls Daniel Orozco to second | Batting: RHB Tyler Long | 0-0: Ball 1-0: Swinging Strike 1-1: Ball 2-1: Called Strike 2-2: Foul Ball, location: 2F 2-2: Foul Ball, location: 2F 2-2: SINGLE (Groundball, 34D) Daniel Orozco to third Harry Wade to second Runner from 3rd tries for Home, SAFE, throw made home | Batting: LHB Martin Greene | 0-0: Fly out, F6 (Line Drive, 6) Lined into DP, 6-4 (Line Drive, 6) | Batting: LHB Harry Adams | 0-0: Ball Pickoff Throw to First - Error! E1 Tyler Long to second 1-0: Called Strike 1-1: SINGLE (Groundball, 34D) Tyler Long to third Runner from 3rd tries for Home, SAFE, no throw | Batting: RHB José González | 0-0: Called Strike 0-1: Fly out, F9 (Flyball, 89D) | Top of the 4th over - 2 runs, 3 hits, 1 error, 1 left on base; Grand Rapids HS 2 - Billings West HS 4 | BOTTOM OF THE 4TH |
---|
Billings West HS Golden Bears batting - Pitching for Grand Rapids HS Summit : RHP Tom Maynard | Batting: RHB Curt Sinclair | 0-0: Called Strike 0-1: Fly out, F8 (Flyball, 8RD) | Batting: LHB Alberto Pérez | 0-0: Called Strike 0-1: Swinging Strike 0-2: Ball 1-2: Ball 2-2: SINGLE (Groundball, 4) (infield hit) | Batting: RHB Rod Zamora | 0-0: Ball 1-0: Ball 2-0: Called Strike 2-1: Swinging Strike 2-2: Ball 3-2: Foul Ball, location: 2F 3-2: Foul Ball, location: 2F 3-2: Base on Balls Alberto Pérez to second | Batting: SHB Christian Goodwin | 0-0: Called Strike 0-1: Swinging Strike 0-2: Ball 1-2: Fly out, F8 (Flyball, 8RS) | Pitching: RHP Jesús Betancourt | | Batting: LHB Cristián Paredes | 0-0: Called Strike 0-1: Swinging Strike 0-2: Strikes out swinging | Bottom of the 4th over - 0 runs, 1 hit, 0 errors, 2 left on base; Grand Rapids HS 2 - Billings West HS 4 | TOP OF THE 5TH |
---|
Grand Rapids HS Summit batting - Pitching for Billings West HS Golden Bears : RHP Jesse Mertz | Batting: LHB Fernando Ávila | 0-0: Ground out U3 (Groundball, 34S) | Batting: RHB Shawn Hanner | 0-0: Ball 1-0: Ball 2-0: SINGLE (Groundball, 56D) | Batting: RHB Julián Maez | 0-0: Foul Ball, location: 2F 0-1: Foul Ball, location: 2F 0-2: SINGLE (Flyball, 9S) Shawn Hanner to second Throwing error, E9 Shawn Hanner scores Julián Maez to second | Batting: LHB Daniel Orozco | 0-0: Ball 1-0: Called Strike 1-1: Ball 2-1: Ball 3-1: Called Strike 3-2: Base on Balls | Batting: RHB Harry Wade | 0-0: Swinging Strike 0-1: Ball 1-1: Ball 2-1: Ball 3-1: Foul Ball, location: 2F 3-2: Base on Balls Julián Maez to third Daniel Orozco to second | Pitching: LHP Greg Younger | | Batting: RHB Tyler Long | 0-0: Ball 1-0: Ball 2-0: Called Strike 2-1: Ball 3-1: Called Strike 3-2: Strikes out swinging | Batting: LHB Martin Greene | 0-0: Called Strike 0-1: Fly out, F7 (Flyball, 78S) | Top of the 5th over - 1 run, 2 hits, 1 error, 3 left on base; Grand Rapids HS 3 - Billings West HS 4 | BOTTOM OF THE 5TH |
---|
Billings West HS Golden Bears batting - Pitching for Grand Rapids HS Summit : RHP Jesús Betancourt | Batting: RHB Larry Olson | 0-0: Ball 1-0: Ball 2-0: Ball 3-0: Called Strike 3-1: Foul Ball, location: 2F 3-2: Base on Balls | Batting: LHB Carter Coleman | 0-0: Fly out, F1 (Popup, 15) | Batting: LHB Simon Morin | 0-0: Foul Ball, location: 2F 0-1: Foul Ball, location: 2F 0-2: Ball Passed Ball! Larry Olson to second 1-2: Ball 2-2: SINGLE (Line Drive, 4MD) Larry Olson to third Runner from 3rd tries for Home, SAFE, throw made home | Batting: RHB Rob Miller | 0-0: Ball 1-0: Ball 2-0: Called Strike 2-1: Ball 3-1: Base on Balls Simon Morin to second | Batting: RHB Curt Sinclair | 0-0: Ball 1-0: Called Strike 1-1: Ball 2-1: Ball 3-1: Foul Ball, location: 2F 3-2: Foul Ball, location: 2F 3-2: Base on Balls Simon Morin to third Rob Miller to second | Batting: LHB Alberto Pérez | 0-0: Swinging Strike 0-1: Ball 1-1: Swinging Strike 1-2: Ball 2-2: Foul Ball, location: 2F 2-2: Fly out, F9 (Flyball, 89D) Runner from 3rd tags up, SCORES, throw made | Batting: RHB Rod Zamora | 0-0: Foul Ball, location: 2F 0-1: Ball 1-1: Fly out, F7 (Line Drive, 78D) | Bottom of the 5th over - 2 runs, 1 hit, 0 errors, 2 left on base; Grand Rapids HS 3 - Billings West HS 6 | TOP OF THE 6TH |
---|
Grand Rapids HS Summit batting - Pitching for Billings West HS Golden Bears : LHP Greg Younger | Batting: LHB Harry Adams | 0-0: Foul Ball, location: 2F 0-1: Ball 1-1: Called Strike 1-2: Ball 2-2: Ball 3-2: Strikes out swinging | Batting: RHB José González | 0-0: Ball 1-0: Called Strike 1-1: Ball 2-1: Ball 3-1: Foul Ball, location: 2F 3-2: Fly out, F9 (Flyball, 89S) | Batting: LHB Fernando Ávila | 0-0: DOUBLE (Line Drive, 8RD) | Batting: RHB Shawn Hanner | 0-0: SINGLE (Groundball, 34D) Fernando Ávila to third Runner from 3rd tries for Home, SAFE, throw made home | Batting: RHB Julián Maez | 0-0: Ball 1-0: Ball Shawn Hanner is caught stealing 2nd base | Top of the 6th over - 1 run, 2 hits, 0 errors, 0 left on base; Grand Rapids HS 4 - Billings West HS 6 | BOTTOM OF THE 6TH |
---|
Billings West HS Golden Bears batting - Pitching for Grand Rapids HS Summit : RHP Jesús Betancourt | Pitching: RHP Tim Garrett | | Batting: SHB Christian Goodwin | 0-0: Called Strike 0-1: Ball 1-1: Foul Ball, location: 2F 1-2: Ball 2-2: Fly out, F7 (Line Drive, 7) | Batting: LHB Cristián Paredes | 0-0: Called Strike 0-1: Ball 1-1: Ball 2-1: Ball 3-1: Base on Balls | Batting: RHB Larry Olson | 0-0: Called Strike 0-1: Foul Ball, location: 2F 0-2: Strikes out swinging | Batting: LHB Carter Coleman | 0-0: Called Strike 0-1: Ball 1-1: Foul Ball, location: 2F 1-2: Ground out 3-1 (Groundball, 34) | Bottom of the 6th over - 0 runs, 0 hits, 0 errors, 1 left on base; Grand Rapids HS 4 - Billings West HS 6 | TOP OF THE 7TH |
---|
Grand Rapids HS Summit batting - Pitching for Billings West HS Golden Bears : LHP Greg Younger | Batting: RHB Julián Maez | 0-0: Ball 1-0: Swinging Strike 1-1: Ground out 6-3 (Groundball, 6) | Batting: LHB Daniel Orozco | 0-0: Ground out 4-3 (Groundball, 4) | Batting: RHB Harry Wade | 0-0: DOUBLE (Line Drive, 7LD) | Batting: RHB Tyler Long | 0-0: Foul Ball, location: 2F 0-1: Ball 1-1: Foul Ball, location: 2F 1-2: Ball 2-2: Foul Ball, location: 2F 2-2: Foul Ball, location: 2F 2-2: Foul Ball, location: 2F 2-2: Ball 3-2: Base on Balls | Batting: LHB Martin Greene | 0-0: Ball 1-0: Called Strike 1-1: Ball 2-1: Called Strike 2-2: 3-RUN HOME RUN (Flyball, 89XD), Distance : 432 ft | Pitching: LHP Marvin Dailey | | Batting: LHB Harry Adams | 0-0: Ball 1-0: Foul Ball, location: 2F 1-1: Called Strike 1-2: Strikes out swinging | Top of the 7th over - 3 runs, 2 hits, 0 errors, 0 left on base; Grand Rapids HS 7 - Billings West HS 6 | BOTTOM OF THE 7TH |
---|
Billings West HS Golden Bears batting - Pitching for Grand Rapids HS Summit : RHP Tim Garrett | Batting: LHB Simon Morin | 0-0: Foul Ball, location: 2F 0-1: Ball 1-1: Ball 2-1: Swinging Strike 2-2: Ball 3-2: Foul Ball, location: 2F 3-2: Base on Balls | Batting: RHB Rob Miller | 0-0: Sac Bunt - play at first, batter safe! Simon Morin to second | Batting: RHB Curt Sinclair | 0-0: Called Strike 0-1: Ball 1-1: Called Strike 1-2: Ball 2-2: Strikes out looking | Batting: LHB Alberto Pérez | 0-0: Ball 1-0: Ball 2-0: Ball 3-0: Base on Balls Simon Morin to third Rob Miller to second | Batting: RHB Rod Zamora | 0-0: Ball 1-0: Foul Ball, location: 2F 1-1: Ball 2-1: Ball 3-1: Grounds into fielders choice 5-2 (Groundball, 56) Rob Miller to third Alberto Pérez to second | Batting: SHB Christian Goodwin | 0-0: Called Strike 0-1: Ball 1-1: Called Strike 1-2: Foul Ball, location: 2F 1-2: Strikes out swinging | Bottom of the 7th over - 0 runs, 1 hit, 0 errors, 3 left on base; Grand Rapids HS 7 - Billings West HS 6 | TOP OF THE 8TH |
---|
Grand Rapids HS Summit batting - Pitching for Billings West HS Golden Bears : LHP Marvin Dailey | Batting: RHB José González | 0-0: Foul Ball, location: 2F 0-1: Ball 1-1: Foul Ball, location: 2F 1-2: Foul Ball, location: 2F 1-2: Foul Ball, location: 2F 1-2: Strikes out swinging | Batting: LHB Fernando Ávila | 0-0: Foul Ball, location: 2F 0-1: Ball 1-1: Called Strike 1-2: Ball 2-2: Ball 3-2: Strikes out swinging | Batting: RHB Shawn Hanner | 0-0: Ball 1-0: Ball 2-0: Called Strike 2-1: Foul Ball, location: 2F 2-2: Ball 3-2: Foul Ball, location: 2F 3-2: Base on Balls | Batting: RHB Julián Maez | 0-0: Called Strike Shawn Hanner steals 2nd base 0-1: Fly out, F5 (Popup, 6S) | Top of the 8th over - 0 runs, 0 hits, 0 errors, 1 left on base; Grand Rapids HS 7 - Billings West HS 6 | BOTTOM OF THE 8TH |
---|
Billings West HS Golden Bears batting - Pitching for Grand Rapids HS Summit : RHP Tim Garrett | Batting: LHB Cristián Paredes | 0-0: Called Strike 0-1: Ball 1-1: Foul Ball, location: 2F 1-2: Ball 2-2: SINGLE (Groundball, 6MD) | Batting: RHB Larry Olson | 0-0: Fly out, F7 (Flyball, 7) | Pitching: RHP Jack Reilly | | Batting: LHB Carter Coleman | 0-0: Called Strike 0-1: Foul Ball, location: 2F 0-2: SINGLE (Flyball, 9LS) Cristián Paredes to second Runner from 2nd tries for 3rd, SAFE, throw made to third | Batting: LHB Simon Morin | 0-0: Called Strike 0-1: Called Strike 0-2: Ball 1-2: Foul Ball, location: 2F 1-2: SINGLE (Groundball, 4MD) Cristián Paredes scores Carter Coleman to second | Pitching: RHP Robert Turner | | Pinch Runner at 2nd Grant Turner: | | Batting: RHB Rob Miller | 0-0: Called Strike 0-1: Swinging Strike 0-2: Strikes out swinging | Batting: RHB Curt Sinclair | 0-0: Called Strike 0-1: Ball 1-1: Fly out, F7 (Flyball, 7) | Bottom of the 8th over - 1 run, 3 hits, 0 errors, 2 left on base; Grand Rapids HS 7 - Billings West HS 7 | TOP OF THE 9TH |
---|
Grand Rapids HS Summit batting - Pitching for Billings West HS Golden Bears : LHP Marvin Dailey | Now at 1B: Grant Turner | | Batting: LHB Daniel Orozco | 0-0: Ball 1-0: Ball 2-0: Swinging Strike 2-1: Foul Ball, location: 2F 2-2: Strikes out swinging | Batting: RHB Harry Wade | 0-0: Called Strike 0-1: Called Strike 0-2: Ball 1-2: Strikes out looking | Batting: RHB Tyler Long | 0-0: Called Strike 0-1: Ball 1-1: Ball 2-1: Foul Ball, location: 2F 2-2: Strikes out swinging | Top of the 9th over - 0 runs, 0 hits, 0 errors, 0 left on base; Grand Rapids HS 7 - Billings West HS 7 | |